 Dungeon Crawl Stone Soup version 0.14-a0-1876-g927fc3a (webtiles) character file.

140 Kae the Ruffian (level 4, -9/35 HPs)
             Began as a Draconian Transmuter on Jan 14, 2014.
             Mangled by an orc
             ... wielding a +0,+1 orcish whip of electrocution
              (11 damage)
             ... on Level 3 of the Dungeon.
             The game lasted 00:01:21 (1875 turns).

Kae the Ruffian (Draconian Transmuter)              Turns: 1875, Time: 00:01:22

HP  -9/35        AC  6     Str 13      XL: 4   Next: 46%
MP   7/7         EV 12     Int 13      God:
Gold 40          SH  0     Dex 12      Spells:  1 memorised,  6 levels left

rFire  . . .     SeeInvis .       - Unarmed
rCold  . . .     Clarity  .     (armour unavailable)
rNeg   . . .     Conserve .     (no shield)
rPois  .         rCorr    .     (helmet restricted)
rElec  .         rRot     .     q - +0 cloak
SustAb . .       Spirit   .     (no gloves)
rMut   .         Warding  .     (no boots)
Saprov . . .     Stasis   .     (no amulet)
MR     .....                    (no ring)
                                (no ring)

@: hasted, very quick, not resistant to hostile enchantments, unstealthy
A: unfitting armour, AC +5
a: no special abilities


You were on level 3 of the Dungeon.
You were not hungry.

You visited 1 branch of the dungeon, and saw 3 of its levels.

You collected 40 gold pieces.

Inventory:

Missiles
 b - 39 arrows
 i - 8 tomahawks (quivered)
Armour
 q - a +0 cloak (worn)
Magical devices
 t - a wand of digging (13) {unknown}
Comestibles
 a - 5 bread rations
 x - a meat ration
Scrolls
 e - 3 scrolls of teleportation {unknown}
 f - 2 scrolls of curse jewellery {unknown}
 g - 5 scrolls of identify {unknown}
 m - a scroll of curse weapon {unknown}
 o - a scroll of remove curse {unknown}
 p - a scroll of fog {unknown}
 r - a scroll of immolation {unknown}
 s - a scroll of enchant weapon II {unknown}
 u - a scroll of amnesia {unknown}
 w - a scroll of blinking {unknown}
Potions
 h - a potion of invisibility {unknown}
 j - a potion of confusion {unknown}
 k - 2 potions of curing {unknown}
 l - a potion of heal wounds {unknown}
 n - a potion of poison {unknown}
 v - a potion of magic {unknown}
Books
 d - a book of Changes

   Spells                             Type                      Level
   *Beastly Appendage                 Transmutation                1
   Sticks to Snakes                   Transmutation                2
   Spider Form                        Transmutation/Poison         3
   Ice Form                           Ice/Transmutation            4
   Blade Hands                        Transmutation                5


   Skills:
 - Level 1.1 Fighting
 - Level 1.7 Dodging
 * Level 4.8 Unarmed Combat
 - Level 2.0 Spellcasting
 + Level 2.9 Transmutations


You had 6 spell levels left.
You knew the following spells:

 Your Spells              Type           Power        Failure   Level  Hunger
a - Beastly Appendage     Trmt           #.....       10%         1    ##.....


Dungeon Overview and Level Annotations

Branches:
Dungeon (3/16)

Altars:


Message History

The orc is severely wounded.
The orc hits you but does no damage.
You are electrocuted!
Ouch! That really hurt!
* * * LOW HITPOINT WARNING * * *
You are too injured to fight recklessly!
You are too injured to fight recklessly!
You are too injured to fight recklessly!
You are too injured to fight recklessly!
You are too injured to fight recklessly!
You are too injured to fight recklessly!
You are too injured to fight recklessly!
You are too injured to fight recklessly!
You are too injured to fight recklessly!
Drink which item? (? for menu, Esc to quit)
You feel yourself speed up.
It was a potion of speed.
Your talons disappear.
The orc hits you with an orcish whip of electrocution.
* * * LOW HITPOINT WARNING * * *
You are electrocuted!
You die...

#.###........#
#.# #........#
#.###........#
#............#
#
#.......#####
# #.......# #
#.......#
#.####### #@#
#o# #)#
......'o.#
....o#### ....
... .


You could see 2 orcs.

Vanquished Creatures
  5 adders
  A giant mite (D:2)
  A worm (D:3)
  2 giant geckos
  An orc (D:3)
  2 giant cockroaches (D:2)
  4 goblins
  7 hobgoblins
  2 ball pythons
  7 bats
  5 giant newts
  3 kobolds
  A quokka skeleton (D:3)
  4 rats
45 creatures vanquished.

Notes
Turn   | Place    | Note
--------------------------------------------------------------
     0 | D:1      | Kae, the Draconian Transmuter, began the quest for the Orb.
     0 | D:1      | Reached XP level 1. HP: 16/16 MP: 3/3
   518 | D:1      | Reached XP level 2. HP: 23/23 MP: 4/4
   951 | D:2      | Reached XP level 3. HP: 25/28 MP: 6/6
   963 | D:2      | Reached skill level 4 in Unarmed Combat
  1388 | D:3      | Reached XP level 4. HP: 22/35 MP: 7/7
  1875 | D:3      | Mangled by an orc

Action                   |  1- 3 |  4- 6 || total
-------------------------+-------+-------++-------
Melee: Unarmed           |   127 |    54 ||   181
 Cast: Beastly Appendage |     3 |     3 ||     6
  Use: Potion            |       |     1 ||     1
 Stab: Sleeping          |     2 |       ||     2
